Map: Ulrena

Players

Petraeus

  • Race: Zerg Zerg
  • League: Grandmaster

NoRegreT - Winner!

  • Race: Zerg Zerg
  • League: Master

Event: Root's WW3

VOD

Have the link to the VOD?

Description

Time

  • Played on: Dec. 11, 2015, 8:43 a.m.
  • Length: 3:56

All games in this series

Show
View Real Time Build Order
Export as new Build Order

Petraeus Zerg 

Build Orders: Hatch First 

Get SALT Encoding   

  12  0:01  Drone  
  13  0:12  Overlord  
  13  0:17  Drone  
  14  0:31  Drone x2  
  14  0:34  Drone  
  17  0:52  Hatchery  
  17  0:55  Drone  
  17  1:09  Spawning Pool  
  16  1:12  Drone  
  16  1:15  Drone  
  18  1:19  Drone  
  18  1:24  Extractor  
  18  1:28  Drone  
  19  1:39  Overlord  
  20  1:57  Zergling x2, Queen  
  20  1:58  Spine Crawler  
  20  2:01  Zergling x2  
  23  2:04  Spine Crawler  
  23  2:05  Queen  
  24  2:09  Zergling x2  
  24  2:12  Zergling x2  
  26  2:17  Zergling x2  
  27  2:23  Zergling x2  
  27  2:28  Zergling x2  
  29  2:33  Zergling x2  
  30  2:39  Queen  
  32  2:48  Overlord  
  32  2:55  Zergling x2  
  32  2:58  Zergling x4  
  27  3:01  Zergling x2  
  27  3:05  Zergling x2  
  27  3:06  Zergling x4  
  27  3:10  Zergling x2  
  28  3:14  Zergling x2  
  28  3:31  Spine Crawler  
  27  3:35  Zergling x4  
  27  3:39  Zergling x2  
Show
View Real Time Build Order
Export as new Build Order

NoRegreT Zerg - Winner!

Build Orders: Pool Only 

Get SALT Encoding   

  12  0:02  Drone  
  13  0:08  Drone  
  14  0:16  Extractor  
  14  0:17  Drone  
  14  0:33  Spawning Pool  
  13  0:37  Drone  
  14  0:46  Drone, Extractor  
  15  0:51  Overlord  
  15  1:21  Zergling x4  
  15  1:22  Queen, Zergling x2  
  20  1:27  Metabolic Boost  
  20  1:33  Zergling x2  
  21  1:44  Overlord  
  21  1:49  Baneling Nest  
  20  1:56  Zergling x2  
  21  2:06  Zergling x2  
  22  2:16  Zergling x2  
  23  2:26  Zergling x2  
  24  2:31  Zergling x4  
  24  2:33  Baneling x2  
  24  2:36  Zergling x2  
  27  2:39  Zergling x2  
  28  2:57  Zergling x2  
  26  3:02  Zergling x2  
  26  3:03  Zergling x2  
  26  3:05  Zergling x4  
  28  3:11  Baneling  
  27  3:13  Zergling x2  
  27  3:17  Baneling  
  28  3:26  Zergling x2  
Tags
 
Add a new tag
Caveats
  • Supply blocks, unpowered buildings, or Contaminate may cause inaccurate times.
  • Supply counts are checked every 10 seconds.